 Dungeon Crawl Stone Soup version 0.28-a0-1087-gf3fc490d9d (webtiles) character file.

Game seed: 15190598177304866811

7043 karrick the Basher (level 11, -3/75 HPs)
             Began as a Gargoyle Fighter on Dec 11, 2021.
             Was an Elder of Okawaru.
             Killed by divine providence
             ... invoked by an orc priest
              (17 damage)
             ... on level 8 of the Dungeon.
             The game lasted 00:35:42 (12590 turns).

karrick the Basher (Gargoyle Fighter)              Turns: 12590, Time: 00:35:43

Health: -3/75      AC: 22    Str: 20    XL:     11   Next: 9%
Magic:  10/11      EV: 13    Int:  9    God:    Okawaru [****..]
Gold:   498        SH:  7    Dex: 13    Spells: 10/10 levels left

rFire   . . .      SeeInvis .   a - +0 flail
rCold   . . .      Faith    .   c - +0 buckler
rNeg    + . .      Spirit   .   b - +0 scale mail
rPois   ∞          Reflect  .   e - +0 helmet
rElec   +          Harm     .   j - +0 cloak
rCorr   .          Rampage  .   (no gloves)
Will    .....                   t - +0 pair of boots
Stlth   ++........              (no amulet)
HPRegen 0.22/turn               (no ring)
MPRegen 0.12/turn               (no ring)

@: heroic
A: sickness immunity, AC +8, negative energy resistance 1, electricity
resistance, torment resistance 1, petrification resistance, robust 1
a: Renounce Religion, Heroism, Finesse


You were on level 8 of the Dungeon.
You worshipped Okawaru.
Okawaru was greatly pleased with you.
You visited 2 branches of the dungeon, and saw 11 of its levels.

You collected 498 gold pieces.

Inventory:

Hand Weapons
 a - a +0 flail (weapon)
Missiles
 i - 4 throwing nets (quivered)
Armour
 b - a +0 scale mail (worn)
 c - a +0 buckler (worn)
 e - a +0 helmet (worn)
 j - a +0 cloak (worn)
 t - a +0 pair of boots (worn)
Jewellery
 v - a ring of resist corrosion
Wands
 k - a wand of polymorph (8)
 m - a wand of iceblast (3)
 r - a wand of flame (56)
 s - a wand of charming (15)
 x - a wand of mindburst (21)
Scrolls
 d - a scroll of enchant armour {unknown}
 h - 2 scrolls of magic mapping
 l - 2 scrolls of teleportation
 n - 3 scrolls of identify {unknown}
 o - a scroll of amnesia {unknown}
 p - a scroll of fog {unknown}
 q - a scroll of acquirement {unknown}
 u - 2 scrolls of immolation {unknown}
 w - a scroll of fear {unknown}
 y - a scroll of vulnerability {unknown}
 A - a scroll of torment {unknown}
Potions
 f - 2 potions of attraction
 g - a potion of magic
 z - a potion of haste
 B - 2 potions of might


   Skills:
 + Level 8.3(13.3) Fighting
 + Level 11.1(16.1) Maces & Flails
 + Level 0.2(5.2) Throwing
 + Level 8.6(13.6) Armour
 + Level 4.0(9.0) Dodging
 + Level 2.7(7.7) Stealth
 + Level 6.3(11.3) Shields
 + Level 1.1 Invocations
 + Level 0.4 Evocations


You had 10 spell levels left.
You didn't know any spells.
Your spell library contained the following spells:

 Spells                   Type           Power      Damage    Failure   Level
 Foxfire                  Conj/Fire      0%         2x1d4     65%         1
 Conjure Flame            Conj/Fire      0%         6-21      95%         3
 Inner Flame              Hex/Fire       0%         N/A       95%         3
 Portal Projectile        Hex/Tloc       0%         N/A       95%         3
 Flame Wave               Conj/Fire      0%         2d4       100%        4
 Petrify                  Tmut/Erth      0%         N/A       100%        4
 Blade Hands              Tmut           0%         N/A       100%        5
 Excruciating Wounds      Necr           0%         N/A       100%        5
 Irradiate                Conj/Tmut      0%         3d13      100%        5
 Summon Small Mammal      Summ           Unusable   N/A       N/A         1
 Sublimation of Blood     Necr           Unusable   N/A       N/A         2
 Call Canine Familiar     Summ           Unusable   N/A       N/A         3
 Summon Guardian Golem    Hex/Summ       Unusable   N/A       N/A         3

Dungeon Overview and Level Annotations

Branches:
Dungeon (10/15)            Temple (1/1) D:5
   Lair: D:8-11         Orc: D:9-12

Altars:
Ashenzari
Cheibriados
Dithmenos
Elyvilon
Fedhas
Gozag
Hepliaklqana
Kikubaaqudgha
Makhleb
Nemelex Xobeh
Okawaru
Qazlal
Ru
Sif Muna
Trog
Uskayaw
Vehumet
Wu Jian
Xom
Yredelemnul
Zin
The Shining One

Shops:
D:5 =

Annotations:
D:9 2 transporters


Innate Abilities, Weirdness & Mutations

You are immune to sickness and miasma.
Your stone body is resilient. (AC +8)
You are immune to poison.
You resist negative energy. (rN+)
You are resistant to electric shocks. (rElec)
You are resistant to unholy torment.
You are immune to petrification.
You are robust. (+10% HP)


Message History

The orc wizard is severely wounded.
The orc wizard hits you but does no damage.
The orc priest calls upon Beogh to heal the orc wizard.
The orc wizard is healed somewhat.
You hit the orc wizard but do no damage.
The orc wizard is moderately wounded.
The orc wizard hits you but does no damage.
You hit the orc wizard but do no damage.
The orc wizard is moderately wounded.
You completely miss the orc wizard.
The orc wizard is moderately wounded.
The orc wizard hits you but does no damage.
Unknown command.
The orc wizard gestures at you while chanting.
You easily resist.
The orc priest calls down the wrath of Beogh upon you.
Beogh smites you!
The orc priest calls upon Beogh to heal the orc wizard.
The orc wizard's wounds heal themselves!
The orc wizard barely misses you.
The orc priest invokes the aid of Beogh against you.
Pain shoots through your body!
You barely miss the orc priest. You block the orc wizard's attack.
You block the orc priest's attack.
You gain the combat prowess of a mighty hero.
The orc priest invokes the aid of Beogh against you.
Beogh smites you!
The orc wizard points at you and mumbles some strange words.
The puff of flame misses you.
The orc priest hits you with a +0 falchion.
The orc throws a javelin.
The javelin misses you.
The orc priest invokes the aid of Beogh against you.
Beogh smites you!
The orc throws a javelin.
The javelin pierces through you but does no damage.
The orc priest calls down the wrath of Beogh upon you.
Beogh smites you!
* * * LOW HITPOINT WARNING * * *
The orc priest invokes the aid of Beogh against you.
Beogh smites you!
You die...

##....#########..#####..#...#
. .'....'...# ..#..# #.#...#
# ##....###.#
#.#..######.....# # ##....#
#.#.#.#....#........#####
#######
#z#.#.#.##.#............# #
#.#........'............. #
#.###.#.####...z......#.# #
#...[.#.####.o.o##.## #.. #
#######.@...o#'#....# #.# #
######.#.#.##.#'#.. #
#...o..#.....# # #.#
###.####.....# # #.#
#...o'o....# # #.#
#...####.....# # #.# .....#.#
#.....# # #.#
......#.####.....# # #.#
#.... #..........#


You could see a wight (wandering), an orc priest, an orc wizard and an orc.

Vanquished Creatures
  A centaur warrior (D:8)
  A hornet (D:10)
  4 slime creatures
  Prince Ribbit (D:8)
  16 yaks
  A water moccasin (D:5)
  2 orc warriors (D:5)
  2 sky beasts (D:6)
  2 ice beasts (D:6)
  An ogre (D:5)
  2 necrophages
  3 centaurs
  Blork the orc (D:6)
  A kobold brigand (D:7)
  2 bullfrogs (D:7)
  A water moccasin zombie (D:5)
  3 killer bees (D:10)
  2 howler monkeys (D:6)
  4 wights
  A bullfrog zombie (D:5)
  5 jellies
  A bullfrog skeleton (D:5)
  5 hounds
  Crazy Yiuf (D:6)
  A gnoll shaman (D:5)
  4 orc priests
  2 centaur skeletons
  Ijyb (D:4)
  An iguana (D:5)
  8 orc wizards
  A hound skeleton (D:5)
  A howler monkey zombie (D:7)
  8 adders
  8 gnolls
  A white imp (D:7)
  An ufetubus (D:5)
  3 worms
  2 dart slugs
  22 orcs
  7 endoplasms
  3 giant cockroaches
  5 goblins
  7 hobgoblins
  8 kobolds
  2 quokkas
  4 ball pythons
  4 bats
  5 frilled lizards
  5 rats
177 creatures vanquished.

Vanquished Creatures (others)
  A scorpion (D:5)
  An orc (D:9)
  12 plants (D:10)
14 creatures vanquished.

Grand Total: 191 creatures vanquished

Notes
Turn   | Place    | Note
-------+----------+-------------------------------------------
     0 | D:1      | karrick the Gargoyle Fighter began the quest for the Orb.
     0 | D:1      | Reached XP level 1. HP: 14/14 MP: 1/1
     2 | D:1      | Noticed an ogre
     2 | D:1      | Noticed a formicid
     4 | D:1      | Noticed a vampire
     4 | D:1      | Noticed a felid
     8 | D:1      | Noticed a minotaur
     8 | D:1      | Noticed a naga
    10 | D:1      | Noticed a dwarf
    12 | D:1      | Noticed a human
    14 | D:1      | Noticed an octopode
    14 | D:1      | Noticed a draconian
    16 | D:1      | Noticed a ghoul
    16 | D:1      | Noticed a demonspawn
    18 | D:1      | Noticed a merfolk
    18 | D:1      | Noticed an elf
    20 | D:1      | Noticed a gargoyle
    20 | D:1      | Noticed a demigod
    22 | D:1      | Noticed a tengu
    24 | D:1      | Noticed a spriggan
    24 | D:1      | Noticed a vine stalker
    26 | D:1      | Noticed a troll
   653 | D:1      | Reached XP level 2. HP: 7/19 MP: 2/2
   891 | D:1      | Found a faded altar of an unknown god.
  1371 | D:2      | Reached XP level 3. HP: 23/23 MP: 3/3
  1810 | D:2      | You fall into a shaft and drop 2 floors!
  2014 | D:4      | Reached XP level 4. HP: 29/29 MP: 4/4
  3126 | D:3      | Reached skill level 3 in Maces & Flails
  3140 | D:3      | Reached XP level 5. HP: 26/33 MP: 5/5
  4423 | D:4      | Reached skill level 4 in Maces & Flails
  4423 | D:4      | Reached skill level 1 in Dodging
  4711 | D:4      | Noticed Ijyb
  4721 | D:4      | Killed Ijyb
  4722 | D:4      | Reached XP level 6. HP: 28/38 MP: 6/6
  4902 | D:5      | Entered Level 5 of the Dungeon
  4980 | D:5      | HP: 2/57 [orc wizard (2)]
  4984 | D:5      | Gained mutation: You are robust. (+10% HP) [potion of
                  | mutation]
  5058 | D:5      | Reached XP level 7. HP: 18/48 MP: 7/7
  5073 | D:5      | Reached skill level 5 in Maces & Flails
  5282 | D:5      | Reached skill level 5 in Armour
  5537 | D:5      | Reached skill level 6 in Maces & Flails
  5546 | D:5      | Reached skill level 5 in Fighting
  5546 | D:5      | Reached XP level 8. HP: 35/53 MP: 8/8
  5823 | D:5      | Found a staircase to the Ecumenical Temple.
  5827 | Temple   | Entered the Ecumenical Temple
  6415 | Temple   | Became a worshipper of Warmaster Okawaru
  6737 | D:5      | Reached skill level 7 in Maces & Flails
  7019 | D:5      | Noticed a yak
  7245 | D:6      | Reached skill level 1 in Stealth
  7451 | D:6      | Reached XP level 9. HP: 60/60 MP: 9/9
  7511 | D:6      | Reached skill level 8 in Maces & Flails
  7515 | D:6      | Reached * piety under Okawaru
  7888 | D:6      | Found a runed translucent door.
  7889 | D:6      | Noticed Crazy Yiuf
  8056 | D:6      | Noticed Blork the orc
  8080 | D:6      | Killed Blork the orc
  8399 | D:6      | Killed Crazy Yiuf
  8507 | D:5      | Reached ** piety under Okawaru
  8508 | D:5      | Reached skill level 9 in Maces & Flails
  8736 | D:5      | Reached skill level 5 in Shields
  8824 | D:5      | Found Neatef's Jewellery Shop.
  9411 | D:7      | Reached XP level 10. HP: 50/67 MP: 10/10
  9681 | D:7      | Reached skill level 10 in Maces & Flails
  9982 | D:8      | Noticed Prince Ribbit
  9982 | D:8      | Noticed a centaur warrior
 10772 | D:8      | Reached *** piety under Okawaru
 11239 | D:8      | Found a glowing golden altar of the Shining One.
 11266 | D:8      | Killed a centaur warrior
 11266 | D:8      | Reached **** piety under Okawaru
 11281 | D:8      | Killed Prince Ribbit
 11509 | D:9      | Noticed a two-headed ogre
 11518 | D:9      | Found a transporter.
 11525 | D:9      | Found a transporter.
 11544 | D:10     | Entered Level 10 of the Dungeon
 12094 | D:10     | Reached skill level 1 in Invocations
 12107 | D:10     | Reached skill level 11 in Maces & Flails
 12121 | D:10     | Reached XP level 11. HP: 41/74 MP: 8/11
 12325 | D:9      | Noticed a two-headed ogre
 12590 | D:8      | Killed from afar by an orc priest

Illustrated notes

Levels and vault maps discovered:
D:1:      kb_arrival_jail, layout_basic, hellmonk_ecumenical_altar_prayer_group,
          hangedman_decor_diamond_cutter, minivault_4,
          nicolae_figureground_sparkle
D:2:      layout_basic
D:3:      layout_loops_corners
D:4:      layout_cave_pods, serial_glass, glass_columns_b, glass_columns_c,
          uniq_ijyb
D:5:      layout_gridville, minmay_temple_entry_grid, serial_shops,
          kennysheep_mini, minmay_fractal_squares_5
D:6:      layout_loops_ring, minmay_puff, uniq_crazy_yiuf_cottage,
          uniq_blork_the_orc
D:7:      layout_basic, minivault_27, minmay_unpleasant_kobolds
D:8:      layout_basic, mainiacjoe_overflow_six_doors_small,
          ebering_ghost_reflecting_pool, uniq_prince_ribbit1, uniq_joseph
D:9:      layout_gridville, nzn_ghost_randoct, minivault_11,
          nicolae_shop_fire_sale [nicolae_sub_dead_trees]
D:10:     minmay_the_grid_plus_closed [minmay_the_grid_minigrid_large,
          minmay_the_grid_spikes, minmay_the_grid_garden,
          minmay_the_grid_zigzag_pyramid,
          minmay_the_grid_prize_shrinking_boxes], layout_cave_pods,
          serial_shops, nicolae_shop_statue_plus
Temple:   mainiacjoe_temple_circle_huts

Skill      XL: |  1  2  3  4  5  6  7  8  9 10 11 |
---------------+----------------------------------+-----
Armour         | 4 5 6 7 8 |  8.6
Maces & Flails | 3 4 6 7 9 11 | 11.1
Dodging        | 1 2 3 4 |  4.0
Fighting       | 4 5 6 8 |  8.3
Shields        | 4 5 6 |  6.3
Stealth        | 1 2 |  2.7
Invocations    | 1 |  1.1
Throwing       | |  0.2
Evocations     | |  0.4

Action                   |  1- 3 |  4- 6 |  7- 9 | 10-12 || total
-------------------------+-------+-------+-------+-------++-------
Melee: Flail             |   107 |   207 |   472 |   348 ||  1134
Throw: Throwing net      |       |       |     1 |       ||     1
Invok: Heroism           |       |       |     1 |     9 ||    10
Evoke: Wand              |       |     3 |       |     2 ||     5
  Use: Potion            |       |     9 |     1 |       ||    10
       Scroll            |       |     2 |       |     3 ||     5
Armor: Scale mail        |    60 |   119 |   249 |   139 ||   567
       Skin              |       |    14 |     2 |       ||    16
Dodge: Dodged            |    58 |   105 |   189 |   148 ||   500
Block: Buckler           |    21 |    45 |    80 |    75 ||   221

Table legend: (Time is in decaauts)
 A = Elapsed time spent in this place.
 B = Non-inter-level travel time spent in this place.
 C = Inter-level travel time spent in this place.
 D = Time resting spent in this place.
 E = Time spent auto-exploring this place.
 F = Levels seen in this place.
 G = Mean time per level.
                   A        B        C        D        E       F      G
               +--------+--------+--------+--------+--------+-----+--------+
         Total |  12608 |  12297 |    311 |   1703 |   8175 |  11 | 1146.2 |
       Dungeon |  11757 |  11522 |    235 |   1703 |   7466 |  10 | 1175.7 |
        Temple |    850 |    774 |     76 |      0 |    709 |   1 |  850.0 |
               +--------+--------+--------+--------+--------+-----+--------+

Top non-repeatable levels by time:
     D:5: 1724 daAuts
     D:7: 1501 daAuts
     D:6: 1462 daAuts
     D:2: 1461 daAuts
     D:1: 1384 daAuts
     D:4: 1368 daAuts
     D:3: 1084 daAuts
    D:10: 887 daAuts
  Temple: 850 daAuts
     D:8: 785 daAuts
     D:9: 98 daAuts
